AoeStats
← ArcherSC

Nomad

505075550Analyzed
4v4 RM · 25d ago on Sep 7, 2026· 45m 34s· 8 players
Game mode
Random Map
Map size
231×231
Population
200
Speed
Normal
Resources
Standard
Victory
Conquest
Starting age
Dark Age
Ending age
Imperial Age
RankedLock teamsTeams togetherTeam positionsShared explorationLock speedFull tech treeHidden civsTurbo modeCheats
Victory
Defeat
🇭🇺 Huns · Hungary
1067
+13
🇷🇴 Georgians · Romania
1050
+14
🇺🇸 Magyars · United States
954
+17
🇬🇧 Sicilians · United Kingdom
948
+18
🇧🇷 Berbers · Brazil
1038
-17
🇹🇷 Italians · Türkiye
1004
-16
🇺🇸 Japanese · United States
982
-15
🇧🇷 Huns · Brazil
967
-14
Akranon
3:03 Loom
16:11 Feudal Age
16:14 Man-at-Arms
16:43 Arson
16:43 Horse Collar
16:54 Double-Bit Axe
17:43 Fishing Lines
21:15 Forging
22:53 Scale Mail Armor
25:45 Wheelbarrow
25:11 Gold Mining
33:25 Castle Age
32:05 Fletching
33:03 Stone Mining
34:23 Bodkin Arrow
34:16 Gambesons
34:32 Squires
34:42 Gillnets
35:07 Masonry
36:14 Bow Saw
37:04 Squires
37:43 Iron Casting
37:24 Chain Mail Armor
37:13 Pikeman
38:35 Gold Shaft Mining
40:02 Murder Holes
41:04 Hand Cart
42:40 Devotion
42:51 Fervor
43:02 Sanctity
45:38 Imperial Age
Big Tiozao
6:36 Loom
14:59 Feudal Age
15:33 Double-Bit Axe
18:52 Wheelbarrow
18:05 Town Watch
20:49 Bloodlines
22:39 Horse Collar
25:57 Castle Age
23:53 Gold Mining
24:01 Fishing Lines
26:48 Husbandry
27:29 Gillnets
29:28 Fletching
29:39 Padded Archer Armor
31:54 Thumb Ring
32:39 Bodkin Arrow
32:59 Leather Archer Armor
34:28 Bow Saw
36:42 Scale Barding Armor
36:32 Stone Mining
38:13 Ballistics
41:03 Imperial Age
38:55 Hand Cart
38:58 Kasbah
40:09 Gold Shaft Mining
42:09 Maghrebi Camels
42:33 Chain Barding Armor
42:58 Arrowslits
PhWillFerreira
5:43 Loom
15:05 Feudal Age
28:31 Double-Bit Axe
28:38 Gold Mining
29:36 Wheelbarrow
35:05 Castle Age
33:18 Fletching
33:33 Scale Barding Armor
33:39 Forging
33:34 Horse Collar
33:46 Stone Mining
34:58 Bloodlines
35:58 Husbandry
37:08 Iron Casting
38:06 Chain Barding Armor
37:41 Bodkin Arrow
Çalooo
3:11 Loom
14:01 Feudal Age
18:51 Castle Age
24:29 Padded Archer Armor
24:20 Fletching
27:22 Ballistics
28:22 Masonry
28:26 Bodkin Arrow
SavageDumpling
8:37 Loom
14:08 Feudal Age
14:33 Town Watch
14:14 Man-at-Arms
16:07 Double-Bit Axe
21:29 Castle Age
20:27 Padded Archer Armor
20:17 Fletching
20:24 Fishing Lines
22:02 Scale Mail Armor
25:15 Bloodlines
29:53 Thumb Ring
32:18 Wheelbarrow
31:44 Town Patrol
37:00 Ballistics
37:35 Bodkin Arrow
37:55 Leather Archer Armor
38:44 Stone Mining
38:39 Horse Collar
38:52 Gillnets
39:56 Heavy Plow
41:45 Leather Archer Armor
43:57 Scale Barding Armor
45:28 Hand Cart
101st Panda Division
6:05 Loom
17:53 Feudal Age
24:52 Scale Mail Armor
33:29 Castle Age
31:34 Double-Bit Axe
46:48 Wheelbarrow
ArcherSC
16:10 Feudal Age
17:57 Double-Bit Axe
18:04 Gold Mining
22:01 Castle Age
19:56 Stone Mining
21:31 Fishing Lines
24:35 Bloodlines
25:29 Wheelbarrow
25:24 Horse Collar
27:01 Scale Barding Armor
27:16 Gillnets
38:21 Chain Barding Armor
38:12 Forging
42:33 Iron Casting
42:18 Husbandry
47:19 Imperial Age
Balint4321
14:12 Feudal Age
13:09 Loom
15:10 Double-Bit Axe
17:26 Bloodlines
18:16 Scale Barding Armor
19:14 Forging
21:36 Stone Mining
21:36 Gold Mining
25:30 Castle Age
24:46 Fletching
28:02 Husbandry
27:26 Light Cavalry
28:30 Chain Barding Armor
28:21 Light Cavalry
38:40 Iron Casting
42:26 Gold Shaft Mining
Connection lost

Rejoining the realm…

Still unreachable

The connection could not be restored.

Session expired

The server has moved on; the page needs a fresh start.